 Dungeon Crawl Stone Soup version 0.28.0-47-ge53b351184 (webtiles) character file.

Game seed: 9149265112429186767

587 RatsInWalls the Vandal (level 7, -1/53 HPs)
             Began as a Human Wanderer on May 10, 2022.
             Was a Believer of Zin.
             Slain by a black bear (4 damage)
             ... on level 4 of the Dungeon.
             The game lasted 00:12:24 (3581 turns).

RatsInWalls the Vandal (Human Wanderer)             Turns: 3581, Time: 00:12:25

Health: -1/53      AC:  3    Str: 14    XL:     7   Next: 65%
Magic:  8/10       EV: 12    Int: 11    God:    Zin [**....]
Gold:   167        SH:  0    Dex: 17    Spells: 9/10 levels left

rFire   . . .      SeeInvis .   a - +0 hunting sling (vorpal)
rCold   . . .      Faith    .   (no shield)
rNeg    . . .      Spirit   .   d - +0 leather armour
rPois   ∞          Reflect  .   (no helmet)
rElec   .          Harm     .   (no cloak)
rCorr   .          Rampage  .   (no gloves)
Will    .....                   (no boots)
Stlth   +.........              (no amulet)
HPRegen 0.17/turn               (no ring)
MPRegen 0.12/turn               (no ring)

@: vitalised
A: no striking features
a: Renounce Religion, Recite, Vitalisation, Donate Gold


You were on level 4 of the Dungeon.
You worshipped Zin.
Zin was pleased with you.
You visited 1 branch of the dungeon, and saw 4 of its levels.

You collected 185 gold pieces.
You donated 18 gold pieces to Zin.

Inventory:

Hand Weapons
 a - a +0 vorpal hunting sling (weapon)
Missiles
 f - 11 stones (quivered ammo)
 o - 6 javelins
Armour
 d - a +0 leather armour (worn)
 g - the +6 chain mail "Pyemuov" {Str+3 Dex+4 Stlth-}
   (You found it on level 4 of the Dungeon)

   Str:       It affects your strength (+3).
   Dex:       It affects your dexterity (+4).
   Stlth:     It makes you less stealthy.
 j - a +0 scale mail
 p - a +0 ring mail
Magical Staves
 h - a staff of earth
 k - a staff of air
Jewellery
 b - a +4 ring of evasion
Scrolls
 i - a scroll of noise {unknown}
 l - a scroll of enchant armour {unknown}
 m - a scroll of blinking {unknown}
 r - a scroll of teleportation
 s - a scroll of fog {unknown}
 t - a scroll of identify
Potions
 n - 2 potions of flight
 q - a potion of might {unknown}


   Skills:
 + Level 3.7 Fighting
 + Level 4.8 Slings
 + Level 1.9 Armour
 - Level 2.6 Dodging
 - Level 2.2 Spellcasting
 - Level 2.0 Ice Magic
 + Level 3.6 Invocations
 - Level 2.0 Evocations


You had 9 spell levels left.
You knew the following spells:

 Your Spells              Type           Power      Damage    Failure   Level
a - Freeze                Ice            20%        1d4       16%         1

Your spell library contained the following spells:

 Spells                   Type           Power      Damage    Failure   Level
 Frozen Ramparts          Ice            10%        1d3       43%         3
 Hailstorm                Conj/Ice       3%         3d3       93%         4


Dungeon Overview and Level Annotations

Branches:
Dungeon (4/15)
 Temple: D:4-7

Altars:
Nemelex Xobeh
Yredelemnul
Zin


Message History

The black bear bites you.
The black bear claws you but does no damage.
The black bear closely misses you.
Fire: 14 stones
Press: ? - help, Q - select action, (/) - cycle Shift-Dir - straight line, f/p - black bear
Aim: a black bear (almost dead, berserk, 70% to hit)
You shoot a stone. The stone hits the black bear.
The black bear is almost dead.
The black bear bites you but does no damage.
The black bear claws you. The black bear misses you.
Fire: 13 stones
Press: ? - help, Q - select action, (/) - cycle Shift-Dir - straight line, f/p - black bear
Aim: a black bear (almost dead, berserk, 70% to hit)
You shoot a stone. The stone hits the black bear.
The black bear is almost dead.
The black bear closely misses you.
The black bear completely misses you. x2
The black bear barely misses you. x2; The black bear claws you.
* * * LOW HITPOINT WARNING * * *
Okay, then.
Fire: 12 stones
Press: ? - help, Q - select action, (/) - cycle Shift-Dir - straight line, f/p - black bear
Aim: a black bear (almost dead, berserk, 70% to hit)
You shoot a stone.
The stone hits the black bear but does no damage.
The black bear is almost dead.
The black bear bites you!
* * * LOW HITPOINT WARNING * * *
The black bear barely misses you. The black bear claws you.
* * * LOW HITPOINT WARNING * * *
Unknown command.
It was a potion of degeneration.
There was something very wrong with that liquid.
Your divine stamina protects you from strength loss.
Your divine stamina protects you from intelligence loss.
Your divine stamina protects you from dexterity loss.
The black bear bites you. Zin protects you from harm!
The black bear barely misses you. The black bear closely misses you.
The black bear bites you.
You die...

#.# #.# .#
#.# .# #.#
..# #.# ..
#.#### #h#
#....# ..#
#.##.####(.#
####..@h(.(#
#######.# #


You could see a black bear (berserk).

Vanquished Creatures
  Sigmund (D:2)
  An ogre (D:4)
  A scorpion (D:4)
  2 water moccasin skeletons
  An orc priest (D:4)
  A centaur skeleton (D:4)
  4 adders (D:3)
  5 dart slugs
  8 orcs
  7 bats
  13 endoplasms
  3 giant cockroaches
  5 goblins
  6 hobgoblins
  7 jackals (D:1)
  5 kobolds
  2 quokkas
  8 ball pythons
  2 frilled lizards
  3 rats
85 creatures vanquished.

Notes
Turn   | Place    | Note
-------+----------+-------------------------------------------
     0 | D:1      | RatsInWalls the Human Wanderer began the quest for the Orb.
     0 | D:1      | RatsInWalls set off with the following items: a +0 vorpal
                  | hunting sling, 16 sling bullets, a piece from Xom's
                  | chessboard (15/15), a +0 leather armour; and the following
                  | spell memorised: Freeze; and the following spells available
                  | to memorise: Frozen Ramparts
     0 | D:1      | Reached XP level 1. HP: 15/15 MP: 2/2
    51 | D:1      | Reached XP level 2. HP: 21/21 MP: 3/3
    65 | D:1      | Found a faded altar of an unknown god.
   141 | D:1      | Prayed at the altar of an unknown god.
   141 | D:1      | Became a worshipper of Zin the Law-Giver
   141 | D:1      | Reached * piety under Zin
   281 | D:1      | Reached XP level 3. HP: 26/26 MP: 4/4
   455 | D:1      | Reached skill level 1 in Armour
   557 | D:1      | Reached ** piety under Zin
   625 | D:1      | Reached skill level 1 in Invocations
   861 | D:2      | Reached XP level 4. HP: 32/33 MP: 5/5
  1070 | D:2      | Noticed Sigmund
  1081 | D:2      | Killed Sigmund
  1082 | D:2      | Reached skill level 4 in Slings
  1082 | D:2      | Reached XP level 5. HP: 18/39 MP: 4/6
  1082 | D:2      | Reached XP level 6. HP: 21/46 MP: 4/7
  2767 | D:4      | Found a sparkling altar of Nemelex Xobeh.
  2813 | D:4      | Reached XP level 7. HP: 18/52 MP: 7/10
  3161 | D:4      | Identified the +6 chain mail "Pyemuov" {Str+3 Dex+4 Stlth-}
  3217 | D:4      | Found a basalt altar of Yredelemnul.
  3581 | D:4      | Zin protects you from harm!
  3581 | D:4      | Slain by a black bear

Illustrated notes

Levels and vault maps discovered:
D:1:      heliophobic_arrival_enchanted_forest, layout_rooms,
          hellmonk_ecumenical_altar_dog_temple, minmay_domino_4
D:2:      layout_loops_corners, uniq_sigmund
D:3:      wad_crossroads, layout_basic
D:4:      layout_basic, overflow_temple_1_default,
          mainiacjoe_overflow_six_doors_small, uniq_duvessa

Skill      XL: |  1  2  3  4  5  6 |
---------------+-------------------+-----
Armour         | 1 |  1.9
Invocations    | 1 2 3 |  3.6
Fighting       | 2 3 |  3.7
Slings         | 4 |  4.8
Dodging        | 2 |  2.6
Spellcasting   | 2 |  2.2
Ice Magic      | |  2.0
Evocations     | |  2.0

Action                   |  1- 3 |  4- 6 |  7- 9 || total
-------------------------+-------+-------+-------++-------
 Fire: Hunting sling     |   109 |   117 |    72 ||   298
 Cast: Freeze            |     2 |       |       ||     2
Invok: Vitalisation      |       |     3 |     1 ||     4
       Recite            |       |     1 |     1 ||     2
  Use: Scroll            |       |     3 |       ||     3
       Potion            |       |     1 |     1 ||     2
Armor: Leather armour    |    14 |     7 |    13 ||    34
Dodge: Dodged            |    33 |    21 |    38 ||    92
